 Dungeon Crawl Stone Soup version 0.27.1-33-g824d729ab1 (webtiles) character file.

Game seed: 10534718948552314414

27091 jlumianski the Protected (level 13, 0/80 HPs)
             Began as a Gargoyle Monk on Dec 10, 2021.
             Was an Elder of Wu Jian.
             Slain by a vampire mosquito (7 damage)
             ... on level 14 of the Dungeon.
             The game lasted 01:30:17 (13295 turns).

jlumianski the Protected (Gargoyle Monk)           Turns: 13295, Time: 01:30:18

Health: 0/80       AC: 32    Str: 20    XL:     13   Next: 30%
Magic:  16/19      EV: 10    Int: 11    God:    Wu Jian [****..]
Gold:   762        SH:  0    Dex: 12    Spells: 16/20 levels left

rFire    . . .     SeeInvis .   P - +3 broad axe (flame)
rCold    . . .     Faith    .   (no shield)
rNeg     + . .     Spirit   .   S - +1 chain mail {Will+}
rPois    ∞         Reflect  .   i - +2 hat
rElec    +         Harm     .   O - +0 cloak
rCorr    .         Rampage  .   l - +1 pair of gloves
Will     +....                  (no boots)
Stlth    ..........             p - amulet of regeneration
HPRegen  1.23/turn              E - +4 ring of protection
MPRegen  0.16/turn              H - ring of wizardry

@: no status effects
A: sickness immunity, AC +9, negative energy resistance 1, electricity
resistance, torment resistance 1, petrification resistance
a: Renounce Religion, Wall Jump, Serpent's Lash


You were on level 14 of the Dungeon.
You worshipped Wu Jian.
Wu Jian was greatly pleased with you.
You visited 2 branches of the dungeon, and saw 15 of its levels.

You collected 762 gold pieces.

Inventory:

Hand Weapons
 j - a +2 dagger of venom
 K - a +0 hand crossbow of freezing
 P - a +3 broad axe of flaming (weapon)
Missiles
 a - 2 throwing nets
 d - 67 poisoned darts
 t - 87 bolts
 C - 27 boomerangs (quivered)
 J - 8 curare-tipped darts
Armour
 g - a +0 scale mail
 i - a +2 hat (worn)
 k - a +1 pair of gloves
 l - a +1 pair of gloves (worn)
 m - a +0 helmet
 v - a +0 kite shield
 O - a +0 cloak (worn)
 S - a +1 chain mail of willpower (worn)
Jewellery
 o - a ring of ice
 p - an amulet of regeneration (around neck)
 E - a +4 ring of protection (left hand)
 H - a ring of wizardry (right hand)
 I - a ring of protection from cold
 M - a +6 ring of intelligence
 Z - a +6 ring of dexterity
Wands
 b - a wand of iceblast (7)
 e - a wand of paralysis (9)
 s - a wand of flame (38)
 x - a wand of charming (8)
 L - a wand of digging (4)
Scrolls
 c - 6 scrolls of noise
 n - 2 scrolls of teleportation
 w - a scroll of immolation
Potions
 f - 4 potions of curing
 h - 2 potions of berserk rage {unknown}
 q - a potion of resistance
 r - 3 potions of lignification
 u - 2 potions of attraction
 z - a potion of heal wounds
 D - 3 potions of might
 F - a potion of ambrosia
 G - 4 potions of haste
 N - 3 potions of flight


   Skills:
 + Level 9.0 Fighting
 + Level 8.1 Short Blades
 + Level 9.2 Axes
 + Level 1.4 Crossbows
 + Level 3.3 Throwing
 + Level 10.5 Armour
 + Level 5.7 Dodging
 + Level 3.1 Stealth
 + Level 4.1 Spellcasting
 * Level 8.2 Ice Magic
 * Level 5.0 Evocations


You had 16 spell levels left.
You knew the following spells:

 Your Spells              Type           Power      Damage    Failure   Level
a - Freeze                Ice            80%        1d9       2%          1
b - Frozen Ramparts       Ice            40%        1d6       7%          3

Your spell library contained the following spells:

 Spells                   Type           Power      Damage    Failure   Level
 Animate Skeleton         Necr           4%         N/A       52%         1
 Apportation              Tloc           4%         N/A       52%         1
 Corona                   Hex            2%         N/A       52%         1
 Summon Small Mammal      Summ           8%         N/A       52%         1
 Passwall                 Tmut/Erth      1%         N/A       65%         2
 Static Discharge         Conj/Air       2%         N/A       65%         2
 Hailstorm                Conj/Ice       11%        3d5       73%         4
 Ignite Poison            Fire/Tmut/Pois 2%         N/A       86%         3
 Mephitic Cloud           Conj/Pois/Air  2%         N/A       86%         3
 Swiftness                Air            2%         N/A       86%         3
 Tukima's Dance           Hex            2%         N/A       86%         3
 Dispel Undead            Necr           2%         3d7       99%         4
 Passage of Golubria      Tloc           N/A        N/A       99%         4
 Sticky Flame             Conj/Fire      2%         2d3       99%         4
 Bolt of Magma            Conj/Fire/Erth 1%         4d4       100%        5
 Yara's Violent Unravell  Hex/Tmut       1%         3d3       100%        5
 Dispersal                Tloc           1%         N/A       100%        6
 Invisibility             Hex            1%         N/A       100%        6
 Disjunction              Tloc           1%         N/A       100%        8


Dungeon Overview and Level Annotations

Branches:
Dungeon (14/15)            Temple (1/1) D:5            Lair (0/6) D:10
    Orc (0/2) D:9
 Vaults: D:13-14

Altars:
Ashenzari
Cheibriados
Dithmenos
Elyvilon
Fedhas
Gozag
Hepliaklqana
Kikubaaqudgha
Makhleb
Nemelex Xobeh
Okawaru
Qazlal
Ru
Sif Muna
Trog
Uskayaw
Vehumet
Wu Jian
Xom
Yredelemnul
Zin
The Shining One
Beogh

Shops:
D:1 =   D:5 ?


Innate Abilities, Weirdness & Mutations

You are immune to sickness and miasma.
Your stone body is resilient. (AC +9)
You are immune to poison.
You resist negative energy. (rN+)
You are resistant to electric shocks. (rElec)
You are resistant to unholy torment.
You are immune to petrification.


Message History

The vampire mosquito bites you but does no damage.
The fire elemental hits you. The fire elemental burns you!
The deep elf pyromancer gestures at you while chanting.
The sticky flame hits you but does no damage.
You are covered in liquid flames!
The vampire mosquito bites you but does no damage.
Casting: Frozen Ramparts (dangerous; 7% risk of failure)
Confirm with . or Enter, or press ? or * to list all spells.
Casting: Frozen Ramparts (dangerous; 7% risk of failure)
Press: ? - help, Dir - look around, f - activate The walls around you are covered in ice.
You are covered in liquid flames!
The vampire mosquito bites you but does no damage.
The fire elemental hits you. The fire elemental burns you!
The wall freezes the deep elf pyromancer.
The deep elf pyromancer mumbles some strange words.
The vampire mosquito bites you.
You closely miss the deep elf pyromancer.
The deep elf pyromancer is severely wounded.
You closely miss the vampire mosquito. You closely miss the fire elemental.
You are covered in liquid flames!
The fire elemental hits you. The fire elemental burns you!
The vampire mosquito bites you.
The wall freezes the deep elf pyromancer.
The deep elf pyromancer casts a spell.
The deep elf pyromancer blinks!
The fire elemental is frozen!
The wall freezes the fire elemental.
The fire elemental hits you. The fire elemental burns you!
* * * LOW HITPOINT WARNING * * *
The vampire mosquito bites you but does no damage.
Your frozen ramparts will break if you move.
Continue?
The frozen ramparts melt away as you move.
You spin and attack the fire elemental.
You hit the fire elemental.
The fire elemental is lightly damaged.
You are covered in liquid flames!
* * * LOW HITPOINT WARNING * * *
The fire elemental hits you. The fire elemental burns you!
* * * LOW HITPOINT WARNING * * *
The vampire mosquito bites you!
You die...

#..........#
#..........#
#..........#
#>.........#
####......○#
.####......○######.
...........E.......
#####.....Ey#######
#...e..@# #..######
#.# ... ###. ##


You could see a deep elf pyromancer, 2 fire elementals and a vampire mosquito.

Vanquished Creatures
  A boulder beetle (D:12)
  Fannar (D:12)
  2 hydras
  A centaur warrior (D:13)
  3 tengu warriors
  3 two-headed ogres
  6 skeletal warriors
  Pikel (D:4)
  A deep elf pyromancer (D:12)
  A manticore (D:11)
  An ugly thing (D:13)
  Maurice (D:8)
  2 centaur zombies (D:11)
  An elephant (D:10)
  A gargoyle (D:12)
  An efreet (D:13)
  Maggie (D:9)
  2 kobold demonologists (D:9)
  3 tengu conjurers
  3 trolls
  3 slime creatures
  A raiju (shapeshifter) (D:10)
  A shadow (D:12)
  3 vampires
  2 wraiths
  2 wyverns (D:9)
  22 yaks
  3 basilisks
  3 steam dragons
  6 vampire mosquitoes (D:13)
  2 acid dragons
  Menkaure (D:7)
  A black bear (D:10)
  An ice beast (D:7)
  7 orc warriors
  3 sky beasts
  2 necrophages
  3 ogres
  5 centaurs
  2 kobold brigands
  4 bullfrogs
  2 gnoll sergeants
  A scorpion (D:7)
  2 water moccasin skeletons (D:5)
  4 killer bees (D:9)
  3 howler monkeys
  4 wights (D:9)
  A crimson imp (D:7)
  11 orc priests
  2 jellies
  2 gnoll shamans
  4 hounds
  Jessica (D:3)
  A centaur skeleton (D:7)
  7 orc wizards
  2 hound skeletons
  Robin (D:3)
  23 gnolls
  3 adders
  A shadow imp (D:6)
  An adder skeleton (D:4)
  3 worms
  3 dart slugs
  42 orcs
  3 ball pythons
  4 bats
  6 endoplasms
  2 giant cockroaches
  16 goblins
  10 hobgoblins
  3 jackals (D:3)
  11 kobolds
  A quokka (D:1)
  3 frilled lizards
  A goblin skeleton (D:7)
  4 hobgoblin zombies (D:7)
  A kobold skeleton (D:7)
  2 orc skeletons (D:7)
  An orc zombie (D:7)
  7 rats
312 creatures vanquished.

Vanquished Creatures (others)
  An orc wizard (D:8)
  A fungus (D:10)
2 creatures vanquished.

Grand Total: 314 creatures vanquished

Notes
Turn   | Place    | Note
-------+----------+-------------------------------------------
     0 | D:1      | jlumianski the Gargoyle Monk began the quest for the Orb.
     0 | D:1      | Reached XP level 1. HP: 14/14 MP: 1/1
   227 | D:1      | Found Lozu's Jewellery Boutique.
   602 | D:1      | Reached XP level 2. HP: 12/19 MP: 2/2
  1184 | D:2      | Found a faded altar of an unknown god.
  1244 | D:2      | Reached XP level 3. HP: 20/23 MP: 3/3
  1842 | D:2      | Reached skill level 1 in Armour
  2061 | D:5      | Entered Level 5 of the Dungeon
  2061 | D:5      | Noticed a sky beast
  2082 | D:4      | Killed a sky beast
  2083 | D:4      | Reached skill level 2 in Armour
  2083 | D:4      | Reached XP level 4. HP: 13/29 MP: 4/4
  2083 | D:4      | Reached XP level 5. HP: 15/33 MP: 5/5
  2099 | D:4      | Reached skill level 1 in Short Blades
  2284 | D:5      | Found a staircase to the Ecumenical Temple.
  2292 | Temple   | Entered the Ecumenical Temple
  2344 | Temple   | Became a worshipper of the Wu Jian Council
  2344 | Temple   | Reached * piety under Wu Jian
  2344 | Temple   | Reached ** piety under Wu Jian
  2410 | D:3      | Found a burning altar of Makhleb.
  2434 | D:3      | Found a stormy altar of Qazlal.
  2526 | D:3      | Noticed Robin
  2804 | D:3      | Killed Robin
  3014 | D:3      | Reached skill level 3 in Armour
  3106 | D:3      | Reached XP level 6. HP: 38/38 MP: 6/6
  3280 | D:3      | Noticed Jessica
  3286 | D:3      | Killed Jessica
  3287 | D:3      | Reached skill level 1 in Throwing
  3777 | D:4      | Found a blossoming altar of Fedhas.
  4123 | D:4      | Reached *** piety under Wu Jian
  4168 | D:4      | Found a bloodstained altar of Trog.
  4380 | D:5      | Reached skill level 4 in Armour
  4380 | D:5      | Reached XP level 7. HP: 29/44 MP: 7/7
  4504 | D:5      | Noticed Pikel
  4528 | D:4      | Killed Pikel
  4529 | D:4      | Reached skill level 5 in Fighting
  4529 | D:4      | Reached skill level 5 in Armour
  4529 | D:4      | Reached XP level 8. HP: 49/49 MP: 8/8
  4663 | D:5      | Found Obohilai's Magic Scroll Boutique.
  4680 | D:5      | Reached skill level 6 in Armour
  4858 | D:5      | Noticed a yak
  4858 | D:5      | Noticed a yak
  4860 | D:5      | Noticed a yak
  4860 | D:5      | Noticed a yak
  4898 | D:4      | Killed a yak
  4941 | D:4      | Killed a yak
  4942 | D:4      | Reached skill level 5 in Short Blades
  4945 | D:4      | Killed a yak
  4946 | D:4      | Reached XP level 9. HP: 55/55 MP: 9/9
  5279 | D:6      | Reached skill level 7 in Armour
  5370 | D:6      | You fall into a shaft and drop 1 floor!
  5394 | D:7      | Found a glowing golden altar of the Shining One.
  5593 | D:7      | Found an iron altar of Okawaru.
  5645 | D:6      | Reached **** piety under Wu Jian
  5784 | D:6      | You fall into a shaft and drop 2 floors!
  5892 | D:8      | Learned a level 1 spell: Freeze
  5904 | D:7      | Noticed Menkaure
  5904 | D:7      | Found a white marble altar of Elyvilon.
  5918 | D:7      | Killed Menkaure
  6032 | D:7      | Found a sparkling altar of Nemelex Xobeh.
  6064 | D:7      | Reached skill level 1 in Ice Magic
  6084 | D:7      | Reached skill level 8 in Armour
  6084 | D:7      | Reached XP level 10. HP: 61/61 MP: 10/10
  6941 | D:8      | Learned a level 3 spell: Frozen Ramparts
  7219 | D:8      | Reached skill level 1 in Spellcasting
  7397 | D:8      | Noticed Maurice
  7448 | D:8      | Killed Maurice
  7449 | D:8      | Reached skill level 5 in Dodging
  8191 | D:9      | Noticed Maggie
  8194 | D:9      | Reached ***** piety under Wu Jian
  8214 | D:9      | Killed Maggie
  8245 | D:9      | Found a staircase to the Orcish Mines.
  8386 | D:9      | Reached XP level 11. HP: 63/67 MP: 11/14
  8389 | D:9      | Reached skill level 5 in Ice Magic
  8583 | D:9      | Found a broken altar of Ashenzari.
  8766 | D:9      | Reached skill level 1 in Crossbows
  8822 | D:9      | Noticed a two-headed ogre
  8844 | D:9      | Killed a two-headed ogre
  8845 | D:9      | Reached skill level 5 in Axes
  9255 | D:10     | Entered Level 10 of the Dungeon
  9444 | D:10     | Identified the +7 short sword of Dissent {antimagic, *Slow
                  | rF+ Dex+4}
  9642 | D:10     | Found a staircase to the Lair.
  9666 | D:9      | Reached skill level 9 in Armour
 10220 | D:11     | Reached skill level 1 in Evocations
 10627 | D:11     | Noticed a skeletal warrior
 10644 | D:11     | Noticed a skeletal warrior
 10644 | D:11     | Noticed a skeletal warrior
 10732 | D:10     | Killed a skeletal warrior
 10759 | D:11     | Killed a skeletal warrior
 10855 | D:11     | Reached XP level 12. HP: 73/73 MP: 17/17
 11157 | D:12     | Noticed a tengu warrior
 11192 | D:11     | Killed a tengu warrior
 11321 | D:12     | Noticed a four-headed hydra
 11334 | D:12     | Killed a one-headed hydra
 11369 | D:12     | Noticed Fannar
 11445 | D:12     | Killed Fannar
 11571 | D:12     | Identified the +7 morningstar "Luattokev" {antimagic, Str+4
                  | Stlth+}
 11572 | D:12     | Noticed a tengu warrior
 11764 | D:11     | Killed a tengu warrior
 11989 | D:12     | Noticed a boulder beetle
 12003 | D:12     | Killed a boulder beetle
 12004 | D:12     | Reached skill level 10 in Armour
 12007 | D:12     | Noticed a two-headed ogre
 12015 | D:12     | Killed a two-headed ogre
 12413 | D:13     | Noticed a two-headed ogre
 12434 | D:12     | Killed a two-headed ogre
 12545 | D:13     | Noticed a seven-headed hydra
 12560 | D:13     | Killed a one-headed hydra
 12575 | D:13     | Noticed a centaur warrior
 12586 | D:13     | Killed a centaur warrior
 12587 | D:13     | Reached XP level 13. HP: 80/80 MP: 19/19
 12924 | D:13     | HP: 2/80 [efreet/fireball (22)]
 13232 | D:13     | Reached skill level 5 in Evocations
 13295 | D:14     | Slain by a vampire mosquito

Illustrated notes

Levels and vault maps discovered:
D:1:      roderic_octagonal_star, layout_rooms, serial_shops, shop
D:2:      layout_basic, hellmonk_ecumenical_altar_crossroads
D:3:      layout_loops_cross, mainiacjoe_overflow_big_doors, minivault_25,
          uniq_robin, uniq_jessica
D:4:      layout_basic, mainiacjoe_overflow_alcove_4,
          mainiacjoe_overflow_boulevard
D:5:      layout_cave_pools, minmay_temple_entry_overgrown, serial_shops,
          nicolae_shop_crystal, minmay_fractal_squares_5, uniq_pikel
D:6:      layout_cave_pools
D:7:      layout_loops_ring, elyvilon_altar_5, nicolae_tso_besieged_by_evil,
          okawaru_metal_pillars_1_2, mainiacjoe_overflow_concentric_impassable,
          amcnicky_mini_pool_small, minmay_statues_item, uniq_menkaure
D:8:      layout_basic, uniq_maurice
D:9:      layout_loops_ring, lemuel_tele_altar, david_orc_5, uniq_maggie
D:10:     layout_gridville, david_lair_generic
D:11:     layout_irregular_city, david_defended_altar_orc
D:12:     layout_loops_ring, uniq_fannar
D:13:     layout_rooms, grunt_decor_resistance
D:14:     layout_rooms, grunt_vaults_entry_tiered,
          ebering_dispersal_statue_hall, uniq_josephine
Temple:   dshaligram_water_room_temple

Skill      XL: |  1  2  3  4  5  6  7  8  9 10 11 12 13 |
---------------+----------------------------------------+-----
Axes           | 3 4 6 8 9 |  9.2
Armour         | 2 3 4 5 6 8 9 10 | 10.5
Dodging        | 3 4 5 |  5.7
Short Blades   | 1 2 4 5 7 8 |  8.1
Fighting       | 4 5 6 7 8 9 |  9.0
Throwing       | 1 2 3 |  3.3
Ice Magic      | 1 4 6 7 8 |  8.2
Spellcasting   | 2 3 4 |  4.1
Stealth        | 3 |  3.1
Crossbows      | 1 |  1.4
Evocations     | 2 4 5 |  5.0

Action                   |  1- 3 |  4- 6 |  7- 9 | 10-12 | 13-15 || total
-------------------------+-------+-------+-------+-------+-------++-------
Melee: Hand axe          |    33 |       |       |       |       ||    33
       Dagger            |    55 |   204 |   427 |   267 |       ||   953
       Broad axe         |       |       |       |   521 |   154 ||   675
 Fire: Hand crossbow     |       |       |       |    10 |       ||    10
Throw: Dart              |    10 |    10 |     9 |    26 |       ||    55
       Boomerang         |       |       |       |    12 |     2 ||    14
 Cast: Freeze            |       |       |     1 |       |       ||     1
       Frozen Ramparts   |       |       |       |    41 |     8 ||    49
Invok: Lunge             |       |    19 |    29 |    36 |     1 ||    85
       Whirlwind         |       |     8 |    29 |    24 |    14 ||    75
       Serpent's Lash    |       |     1 |       |       |       ||     1
       Heavenly Storm    |       |       |       |     1 |     1 ||     2
 Abil: Wall Jump         |       |    13 |    18 |    35 |     2 ||    68
Evoke: Wand              |       |       |       |     3 |       ||     3
  Use: Scroll            |     2 |     3 |     4 |     9 |     1 ||    19
       Potion            |       |       |     2 |     4 |     1 ||     7
 Stab: Sleeping          |     1 |       |       |       |       ||     1
Armor: Robe              |     2 |       |       |       |       ||     2
       Scale mail        |    46 |   108 |   190 |   286 |       ||   630
       Chain mail        |       |       |       |   420 |   177 ||   597
Dodge: Dodged            |    51 |    93 |   122 |   418 |    87 ||   771
